[Event "2nd Serbia Open Masters 2022"]
[Site "Novi Sad"]
[Date "2022.06.29"]
[Round "2.32"]
[White "Nitish Belurkar"]
[Black "Arpita, Mukherjee"]
[Result "1/2-1/2"]
[ECO "B92"]
[WhiteElo "2452"]
[BlackElo "2275"]
[Annotator "TA"]
[PlyCount "76"]
[EventDate "2022.06.28"]
[EventType "swiss"]
[EventCountry "SRB"]
[SourceTitle "playchess.com"]
[Source "ChessBase"]
[SourceQuality "1"]
[TimeControl "40/5400+30:900+30"]

1. e4 c5 2. Nf3 d6 3. d4 cxd4 4. Nxd4 Nf6 5. Nc3 a6 6. Be2 e5 7. Nb3 Be7 8. O-O O-O 9. Re1 Be6 {[%emt 0:00:16] B92: Sicilian Najdorf: 6 Be2.} 10. Bf3 Nbd7 11. a4 Qb8 12. Qd3 h6 13. Be3 Rc8 {[%emt 0:01:09] [#]} 14. h3 $146 ({Predecessor:} 14. Red1 b5 15. axb5 Bc4 16. Qd2 axb5 17. Rxa8 Qxa8 18. Ra1 Qb8 19. Na5 Be6 20. h3 {½-½ (33) Achilles,E (2445)-Filipchenko,V (2410) ICCF email 2016}) 14... Bc4 15. Qd2 Bd8 16. Red1 Bxb3 17. cxb3 Ba5 18. Qxd6 Qxd6 19. Rxd6 Bxc3 20. bxc3 Rxc3 21. b4 Rac8 22. Rad1 Nf8 23. Rd8 {[%emt 0:09:48] Threatens to win with Bc5. White is more active.} Kh7 $1 24. Rxc8 Rxc8 25. Rd6 Ne6 26. Be2 Kg8 27. Rb6 Rc7 28. a5 Kf8 ({Less strong is} 28... Nxe4 29. Bf3 Rc4 30. Rxb7 $18) 29. b5 axb5 30. Rxb5 Nd7 31. Rd5 (31. Bg4 $14) 31... Ke7 32. Bb5 f6 33. Kh2 Ndf8 34. Bb6 Rc2 35. Rd1 Nd4 (35... Rb2 $11 36. Bc4 Nd7) 36. Ba4 (36. Bxd4 $14 exd4 37. Rxd4) 36... Rc4 $11 {[%emt 0:01:17] The position is equal.} 37. Ra1 Nd7 38. Bxd7 Kxd7 {[%emt 0:00:30] Weighted Error Value: White=0.10 (very precise) /Black=0.11 (very precise)} 1/2-1/2

[Event "2nd Serbia Open Masters 2022"]
[Site "Novi Sad"]
[Date "2022.06.29"]
[Round "2.33"]
[White "Rozen, Eytan"]
[Black "Eren, Ataberk"]
[Result "0-1"]
[ECO "A11"]
[WhiteElo "2425"]
[BlackElo "2273"]
[Annotator "TA"]
[PlyCount "174"]
[EventDate "2022.06.28"]
[EventType "swiss"]
[EventCountry "SRB"]
[SourceTitle "playchess.com"]
[Source "ChessBase"]
[SourceQuality "1"]
[TimeControl "40/5400+30:900+30"]

1. Nf3 d5 2. c4 e6 3. e3 Nf6 4. b3 Nbd7 5. Bb2 c6 6. Nc3 Bd6 7. d4 {[%emt 0:00:57] A11: English Opening: 1...c6.} Qe7 8. Be2 b6 9. O-O {[%emt 0:00:18] The position is equal.} O-O 10. Rc1 Bb7 11. Qc2 Rac8 12. Rfd1 Rfd8 13. Qb1 h6 14. h3 a6 {[%emt 0:03:18] [#]} 15. e4 $146 ({Predecessor:} 15. Nd2 c5 16. cxd5 exd5 17. Bf3 cxd4 18. exd4 Nf8 19. Na4 Rxc1 20. Rxc1 Ne6 21. Nf1 {½-½ (54) Gritsak,O (2549)-Dreev,A (2654) Legnica 2013}) 15... dxe4 16. Nxe4 Bf4 17. Rc3 c5 18. Nxf6+ Nxf6 19. g3 {[%emt 0:01:29] Black continues to play with concentration.} (19. dxc5 $11 Be4 20. Rxd8+ Rxd8 21. Qa1) 19... Be4 $17 20. Qa1 {[%emt 0:00:47] [#]} cxd4 $1 {[%emt 0:00:15] Black is more active.} 21. Rxd4 Rxd4 22. Nxd4 Bd2 23. Nf3 Bxc3 24. Bxc3 b5 25. Ne5 bxc4 26. Nxc4 Bb7 27. Be5 Ne8 28. Bd4 Qd8 29. Ne5 $2 (29. Kh2) 29... Rc2 $19 ({Don't blunder} 29... Qd5 $2 30. Bf3 Qb5 31. Bxb7 Qxb7 32. Nc4 $19) 30. Bh5 g6 31. Bf3 Bxf3 32. Nxf3 Qd5 33. Qb1 Rc8 34. Kg2 Nd6 35. Qb2 Nf5 36. Bf6 Qe4 37. Qd2 Qc2 38. Qf4 g5 (38... Qxa2 39. g4 g5 40. Qe5 Qxb3 41. gxf5 $15) 39. Qe5 Qc6 ({Worse is} 39... Qxa2 40. g4 Qxb3 41. gxf5 $17) 40. Qe2 Nd6 41. Bd4 Ne4 42. Kh2 f6 {[%emt 0:01:46] Hoping for ...e5.} 43. Nd2 Nxd2 44. Qxd2 {[%emt 0:00:02][%mdl 4096] Endgame KQR-KQB} e5 45. Be3 Kg7 46. g4 (46. b4 $142) 46... Rc7 47. Qd8 (47. Qd3 {is a better defense.}) 47... Rd7 48. Qe8 Qb7 {[%emt 0:00:58] [#] aiming for ...Rd1.} 49. Bc5 Rd1 50. Qf8+ Kh7 51. f3 Qg7 52. Qa8 Rd2+ 53. Kg3 Qc7 54. Qe4+ Kg7 55. b4 Rxa2 56. h4 gxh4+ 57. Kxh4 Qf7 58. Be3 Rb2 {[%emt 0:02:05][%cal Oa6a5] Threatens to win with ...a5!} 59. Kg3 Rb3 60. Bd2 Qd7 61. Be3 Rd3 62. Bc5 Rd5 63. Qc4 Qe6 64. Be3 Rd6 65. Qe4 Rd7 66. Kh4 (66. Qc2 $142) 66... Rf7 67. f4 f5 68. Qxe5+ Qxe5 69. fxe5 {[%emt 0:00:02] KR-KB} f4 70. Bc5 Kg6 {[%emt 0:03:39] ( -> ...Rd7)} 71. e6 {[%emt 0:00:01] Inhibits Rd7.} Rf6 72. e7 Re6 73. Bd6 Re4 74. Bc5 Re2 75. Kh3 Kg5 76. Bf2 Kf6 {[%emt 0:00:43] Black mates.} 77. Bd4+ Kxe7 78. Bg7 Re6 79. Kg2 Kf7 80. Bd4 Re4 81. Bc5 Rc4 82. Bd6 Rd4 83. Bc5 Rd3 84. Kf2 Kg6 85. Be7 Rg3 86. Bd6 Rxg4 87. Kf3 Kf5 {[%emt 0:00:01] Weighted Error Value: White=0.28 (precise) /Black=0.04 (flawless)} 0-1

[Event "2nd Serbia Open Masters 2022"]
[Site "Novi Sad"]
[Date "2022.06.29"]
[Round "2.34"]
[White "Milikow, Yoav"]
[Black "Jain Kashish Manoj"]
[Result "1/2-1/2"]
[ECO "E04"]
[WhiteElo "2410"]
[BlackElo "2271"]
[Annotator "TA"]
[PlyCount "47"]
[EventDate "2022.06.28"]
[EventType "swiss"]
[EventCountry "SRB"]
[SourceTitle "playchess.com"]
[Source "ChessBase"]
[SourceQuality "1"]
[TimeControl "40/5400+30:900+30"]

1. d4 d5 2. c4 c6 3. Nf3 Nf6 4. g3 e6 5. Bg2 dxc4 6. O-O b5 7. b3 {[%emt 0:00:26] E04: Open Catalan: 5 Nf3.} cxb3 8. Qxb3 Bb7 9. Rd1 {[%emt 0:00:33] The position is equal.} Be7 10. Ne5 O-O 11. Nc3 {[%emt 0:00:48] With the idea Nxb5.} Nd5 12. e4 Nxc3 13. Qxc3 {[%emt 0:00:02] [#]} c5 $146 ({Predecessor:} 13... Qc7 14. Bf4 Bd6 15. Rac1 a5 16. Nd3 Bxf4 17. Nxf4 b4 18. Qe3 Qe7 19. d5 exd5 20. exd5 Qxe3 21. fxe3 {½-½ (54) Reed,A (2094)-Farmer,M (1983) ICCF email 2018}) 14. Bb2 (14. Bf4 $142) 14... Qc7 15. dxc5 ({Better is} 15. Nd3 $11) 15... Bf6 $1 $15 16. f4 Nc6 17. Rd6 Rac8 18. Rc1 (18. Qe3 $15) 18... Nxe5 $17 19. fxe5 Bg5 20. Re1 Qxc5+ 21. Qxc5 Rxc5 22. Rd7 Rc2 23. Bd4 {[%emt 0:02:05] [#]} (23. Rxb7 $142 Rxb2 24. Rxa7) 23... Bc6 (23... Rd8 $1 $19 24. Rxb7 Rxd4) 24. Rxa7 {[%emt 0:00:48] Weighted Error Value: White=0.25 (precise) /Black=0.12 (very precise)} 1/2-1/2

[Event "2nd Serbia Open Masters 2022"]
[Site "Novi Sad"]
[Date "2022.06.29"]
[Round "2.35"]
[White "Souhardo Basak"]
[Black "Ioannidis, Evgenios"]
[Result "0-1"]
[ECO "C06"]
[WhiteElo "2357"]
[BlackElo "2459"]
[Annotator "TA"]
[PlyCount "84"]
[EventDate "2022.06.28"]
[EventType "swiss"]
[EventCountry "SRB"]
[SourceTitle "playchess.com"]
[Source "ChessBase"]
[SourceQuality "1"]
[TimeControl "40/5400+30:900+30"]

1. e4 e6 2. d4 d5 3. Nd2 Be7 4. Ngf3 Nf6 5. e5 Nfd7 6. Bd3 c5 7. c3 Nc6 8. O-O a5 9. a4 {[%emt 0:00:29] now scores much better than the old 9.Re1. C06: French Tarrasch: 3...Nf6 4 e5 Nfd7 5 Bd3 main lines.} O-O 10. Re1 f6 (10... cxd4 $11 11. cxd4 Nb4) 11. exf6 $14 {[%emt 0:02:56] White is slightly better.} Nxf6 12. Nf1 cxd4 13. cxd4 Qb6 {[%emt 0:00:35] [#]} 14. Ng3 $146 ({Predecessor:} 14. h3 Bd7 15. Be3 Rac8 16. Rc1 Qxb2 17. Rb1 Qa3 18. Rb3 Qd6 19. Rxb7 Rb8 20. Rxb8 Qxb8 {0-1 (35) Boschma,B (2338)-Beckmann,F (2368) ICCF email 2012}) 14... Ng4 {[%emt 0:02:34] Threatening ...e5.} 15. h3 {[%emt 0:10:35] [#]} Nxf2 16. Kxf2 {[%emt 0:00:03] And now Kg1 would win.} Bh4 17. Be3 {[%emt 0:21:49][%cal Of2g1] Hoping for Kg1!} h6 18. Bc2 (18. Rc1 $15 {deserves consideration.}) 18... Qc7 (18... Nb4 $1 $17 19. Re2 Bd7) 19. Qd3 $2 Rf5 $2 (19... Qxg3+ $19 20. Kg1 Rxf3) 20. Qe2 Qxg3+ $17 21. Kg1 {[%emt 0:00:31] [#]} Rxf3 22. Qxf3 Qxf3 {[%emt 0:00:06] The board is on fire.} 23. gxf3 Bxe1 24. Rxe1 Nb4 25. Rc1 Bd7 26. Bd1 Nd3 27. Rb1 Rf8 28. Kg2 e5 {[%emt 0:04:06] Black is much more active.} ({Better is} 28... Rc8 $17 29. f4 Kf7) 29. Bb3 {[%emt 0:01:00] [#]} (29. dxe5 $1 $15 Rf5 30. e6 Bxe6 31. h4) 29... exd4 ({Black should play} 29... Bxh3+ $1 30. Kg3 Be6 31. dxe5 Nxe5) 30. Bxd5+ Kh8 31. Rd1 Bf5 32. Bd2 (32. Be4 $17) 32... Nxb2 $19 33. Rc1 b6 ({Worse is} 33... Nxa4 34. Bxa5 b6 35. Bb4 $17) 34. Rc7 Nxa4 35. Kg3 Rd8 36. Bb3 Nc5 37. Bc4 Rc8 38. Re7 Nd7 39. Bb5 (39. Bd3 Bxd3 40. Rxd7) 39... Nf6 40. Rb7 $2 (40. Re5 Bg6 41. Kf2) 40... Rc2 {[%emt 0:00:00] Black is clearly winning.} 41. Kf4 Bg6 ({Not} 41... Rxd2 $2 42. Kxf5 Rb2 43. Ba6 $19) 42. Be1 Rc5 {[%emt 0:01:17] Weighted Error Value: White=0.67/Black=0.33} 0-1

[Event "2nd Serbia Open Masters 2022"]
[Site "Novi Sad"]
[Date "2022.06.29"]
[Round "2.36"]
[White "Pasztor, Balazs"]
[Black "Sturt, Raven"]
[Result "1/2-1/2"]
[ECO "B90"]
[WhiteElo "2336"]
[BlackElo "2438"]
[Annotator "TA"]
[PlyCount "137"]
[EventDate "2022.06.28"]
[EventType "swiss"]
[EventCountry "SRB"]
[SourceTitle "playchess.com"]
[Source "ChessBase"]
[SourceQuality "1"]
[TimeControl "40/5400+30:900+30"]

1. e4 c5 2. Nf3 d6 3. d4 cxd4 4. Nxd4 Nf6 5. Nc3 a6 6. Rg1 e5 7. Nb3 {[%emt 0:00:07] B90: Sicilian Najdorf: Unusual White 6th moves, 6 Be3 Ng4 and 6 Be3 e5.} h5 {[%emt 0:00:05] Prevents g4.} 8. Bg5 Be6 9. Qd2 {[%emt 1:32:12] The position is equal.} Nbd7 10. O-O-O {[%emt 0:00:00] [#]} b5 $146 ({Predecessor:} 10... Rc8 11. f4 Be7 12. Bd3 exf4 13. Nd4 Ne5 14. Nf5 Bxf5 15. exf5 Qa5 16. Bxf4 O-O {1-0 (87) Rathanvel,V (2445)-Perez,M (2417) Chess.com INT 2020}) 11. f4 b4 12. Nd5 Nxe4 13. Qxb4 (13. Bxd8 $14 Nxd2 14. Rxd2 Kxd8 15. Nxb4) 13... Nxg5 $15 14. fxg5 Qxg5+ 15. Kb1 Bxd5 16. Rxd5 Qe3 17. Rh1 Be7 18. Rd3 Qb6 19. Qa4 Ra7 20. Be2 h4 (20... Qf2 $5 21. Bf3 O-O $15) 21. Rf1 O-O 22. g3 Rb8 23. gxh4 Qb4 (23... a5 $17 {aiming for ...Bf6.} 24. Rg3 (24. Qc4 Nf6 $17) 24... Nf6) 24. Qc6 Nf6 25. Qg2 Qe4 26. Bf3 Qxh4 27. Bc6 (27. Rg1 g6 28. Nd2 Kg7 $17) 27... Rb4 $2 (27... Rc7 $15 28. Rg3 Bf8) 28. Rh3 $1 $18 {[%emt 0:01:47][%mdl 1024] White has strong compensation.} Qc4 (28... Qg4 $2 29. Rg3 Qh5 30. Rxg7+ Kh8 31. Rg1 $18) 29. Nd2 {[%emt 0:01:17] Dancing on a razor blade.} (29. Rg1 g6 $15) (29. Rg3 $1 $18 g6 30. a3 Rxb3 31. Rxb3 (31. cxb3 Qd4 $16)) 29... Qe6 $1 $14 30. Rg3 {[%emt 0:01:40] White is more active.} (30. Rg1 Rg4 31. Rg3 Rxg3 32. hxg3 (32. Qxg3 g6 $17) 32... d5 $17) ({White should try} 30. c4 $1 $14) 30... Rg4 $11 31. Ne4 {[%emt 0:00:11] Strongly threatening Nxf6+.} Rxg3 32. hxg3 (32. Nxf6+ $11 Bxf6 33. hxg3) 32... Ng4 $1 $15 33. Qe2 f5 $2 {[%emt 0:00:00] [#]} (33... Rc7 $1 $15 {stays ahead.} 34. Be8 Bf8) 34. c4 $1 Qg6 (34... fxe4 $2 35. Bd5 Qxd5 36. cxd5 $18) (34... Kh8 35. Rh1+) 35. Bd5+ Kh7 $2 (35... Kf8 $16) 36. Nc3 $2 ({Don't take} 36. Rh1+ $6 Nh6 $16) (36. Nf2 $1 $18 ) 36... Nh6 $14 37. Qf2 Rd7 38. Ka1 Bd8 39. g4 (39. Rh1 $11 Re7 40. a3) 39... Qxg4 $17 40. Rg1 Bh4 41. Qf1 Qf4 (41... Qh5 $17) 42. Qg2 $1 $36 {[%emt 0:01:13][%mdl 2048] White is more active.} g5 {[%emt 0:02:04] Hoping for ...e4.} 43. Be6 Rg7 44. Rf1 $1 Qd4 45. Bxf5+ Nxf5 46. Rxf5 Qxc4 47. Qf3 Kh6 {[%emt 0:00:54] White must now prevent ...g4.} 48. Rf6+ (48. Rf8 $1 $11 {remains equal.} Rg8 49. Qf6+ Kh5 50. Rf7) 48... Rg6 $17 {[%emt 0:00:19] ...g4 is the strong threat.} 49. Rf8 {[%emt 0:00:56] [#] White threatens Rh8+ and mate.} Kg7 {[%emt 0:01:34] Against Rh8} 50. Rb8 $2 ({White has to play} 50. Qa8 $1 $15) 50... Rf6 $19 51. Qh5 Qf1+ (51... Qf7 $19 52. Qh8+ Kg6) 52. Nb1 $17 Rf8 {[%emt 0:00:04] Against Qh8+} 53. Rb7+ Rf7 54. Rb8 Qf3 55. Qh8+ Kg6 56. Rb6 Qf6 57. Qb8 Rd7 (57... Rf8 $17 58. Qc7 Rd8) 58. Nd2 $2 (58. Qe8+ $11 {and White stays safe.} Rf7 59. Qb8) 58... g4 $2 (58... Qd8 $19 {has better winning chances.} 59. Nc4 Qxb8 60. Rxb8 Bf2) 59. Qc8 (59. Qg8+ $17 Kh5 60. Qe8+ Rf7 61. Rb7) 59... Qf5 60. Qe8+ $2 (60. Qg8+ Kh5 61. Qe8+ Kg5 62. Qg8+ Qg6 63. Qc8) 60... Qf7 (60... Kg7 $142 61. Rb8 Kh6) 61. Qa8 $2 (61. Qxe5 Bg5 62. a3) 61... Be1 $4 (61... Bg5 $19 62. Nb1 Rd8 63. Qe4+ Qf5) 62. Qe4+ $18 Qf5 63. Qxe1 Kg7 64. a3 Qf4 (64... a5 $142 65. Rb8 Qf4) 65. Ne4 (65. Rb4 $142) 65... Rc7 {[%emt 0:00:15] And now ...Rc1+ would win.} 66. Nc3 g3 (66... Rf7 {was called for.} 67. Rb4 (67. Rxd6 Qf1 $18) 67... Qf1 68. Rxg4+ Kf8) 67. Rxd6 (67. Rb4 $142 Qf3 68. Qd2) 67... g2 68. Rd2 $4 {[%emt 0:01:36][%mdl 8192] [#]} ({Don't go for} 68. Rxa6 $2 Qf1 69. Qb1 Qxb1+ 70. Nxb1 g1=Q $19) (68. Rd1 $18 {was the only winning move.} Rf7 69. Qg1) 68... Qf1 $4 {[%emt 0:00:30][%mdl 8192] [#]} (68... Qxd2 $3 $19 69. Qxd2 g1=Q+ 70. Nd1 Qg4) 69. Rxg2+ $3 {[%emt 0:00:30][%mdl 33280] White used his chance.  Weighted Error Value: White=0.45/Black=0.42. An unexpected result.} 1/2-1/2

[Event "2nd Serbia Open Masters 2022"]
[Site "Novi Sad"]
[Date "2022.06.29"]
[Round "2.37"]
[White "Culum, Sanjin"]
[Black "Shyaamnikhil P"]
[Result "0-1"]
[ECO "E00"]
[WhiteElo "2287"]
[BlackElo "2443"]
[Annotator "TA"]
[PlyCount "66"]
[EventDate "2022.06.28"]
[EventType "swiss"]
[EventCountry "SRB"]
[SourceTitle "playchess.com"]
[Source "ChessBase"]
[SourceQuality "1"]
[TimeControl "40/5400+30:900+30"]

1. d4 Nf6 2. c4 e6 3. g3 Bb4+ 4. Bd2 a5 5. Nc3 O-O 6. Bg2 {[%emt 0:05:01] E00: Catalan Bogo-Indian (3 g3 Bb4+).} d5 7. Nf3 c6 8. b3 {[%emt 0:07:49] The position is equal.} Nbd7 (8... Ne4 $15 9. Rc1 Nxd2 10. Nxd2 b6) 9. O-O b6 {[%emt 0:03:20] [#]} 10. a3 $146 ({Predecessor:} 10. e4 dxe4 11. Ng5 Bb7 12. Ngxe4 Be7 13. Bf4 Nxe4 14. Nxe4 Nf6 15. Qc2 Nxe4 16. Qxe4 {1-0 (33) Zhu,Y (2432)-Favaloro,A (2260) Tarvisio 2017}) 10... Be7 11. cxd5 cxd5 12. Qb1 Ba6 13. a4 Bb4 14. Nb5 Ne4 15. Qb2 Nxd2 16. Nxd2 Rc8 {[%emt 0:00:23] [#] Strongly threatening ...Bxb5.} 17. Rac1 Qe7 18. Rxc8 Rxc8 19. Rc1 Rxc1+ (19... Qd8 {is more complex.} 20. e3 Bxb5 21. axb5 h6) 20. Qxc1 Bxd2 21. Qxd2 Bxb5 22. axb5 $11 {[%emt 0:00:05][%mdl 4096] Endgame KQB-KQN} Qa3 23. Qc3 {[%emt 0:01:50] Hoping for Qc7.} a4 24. Qc6 $2 {[%emt 0:08:54][%mdl 8192] [#]} (24. Qc8+ $11 Nf8 25. bxa4 Qxa4 26. e3) 24... axb3 $1 $19 25. Qxd7 Qc1+ 26. Bf1 g6 $2 (26... h6 $19 27. Qe8+ Kh7) 27. Qd8+ $2 (27. e4 $11) 27... Kg7 {[%emt 0:00:06] White must now prevent ...b2.} 28. Qd6 b2 29. Qe5+ Kh6 30. Qd6 b1=Q 31. Qf8+ Kh5 {[%emt 0:00:08][%csl Gb1][%cal Rc1f1] Black mates.} 32. g4+ Kxg4 33. f3+ Kh5 {[%emt 0:00:07] Weighted Error Value: White=1.08/Black=0.21 (precise)} 0-1

[Event "2nd Serbia Open Masters 2022"]
[Site "Novi Sad"]
[Date "2022.06.29"]
[Round "2.38"]
[White "Adarsh Tripathi"]
[Black "Agmanov, Zhandos"]
[Result "0-1"]
[ECO "B12"]
[WhiteElo "2179"]
[BlackElo "2420"]
[Annotator "TA"]
[PlyCount "100"]
[EventDate "2022.06.28"]
[EventType "swiss"]
[EventCountry "SRB"]
[SourceTitle "playchess.com"]
[Source "ChessBase"]
[SourceQuality "1"]
[TimeControl "40/5400+30:900+30"]

1. e4 c6 2. d4 d5 3. e5 Bf5 4. h4 h5 5. c4 e6 6. Nc3 Ne7 7. Bg5 Qb6 $1 {[%emt 0:05:11][%mdl 4] is more profitable than 7...dxc4 at the moment. B12: Caro-Kann: Advance Variation.} 8. b3 Nd7 {[%emt 0:01:01] [#]} 9. c5 $146 ({Predecessor:} 9. Nge2 f6 10. exf6 gxf6 11. Be3 O-O-O 12. Ng3 Bg6 13. c5 Qc7 14. b4 e5 15. Be2 {0-1 (43) Gevorgyan,M (2255)-Girya,O (2488) Moscow 2019}) 9... Qc7 {[%emt 0:05:52] Black is slightly better.} 10. Be2 Ng6 (10... O-O-O $5 ) 11. Bxh5 {[%emt 0:05:00] [#]} Ngxe5 {[%emt 0:23:50][%cal Od7c5] White must now prevent ...Nxc5!} 12. Be2 (12. Kf1 $5 ) 12... f6 13. Be3 Nf7 14. Bg4 Bxg4 15. Qxg4 f5 (15... e5 $1 $15) 16. Qg6 $11 Nf6 17. Nge2 {[%emt 0:04:05] Inhibits f4.} (17. Nf3 $14) 17... O-O-O 18. O-O-O Re8 19. f3 $1 {[%emt 0:00:46] Against Ng4} Qd7 20. g4 (20. h5 $11) 20... fxg4 $1 $17 21. fxg4 e5 22. Rdf1 {[%emt 0:00:07] aiming for g5.} exd4 23. Bxd4 Ne5 24. Bxe5 Rxe5 25. g5 Ne8 (25... Ne4 $17 26. Nxe4 Rxe4) 26. Rf7 (26. b4 $1 $11 {and White stays safe.}) 26... Qg4 ({Not} 26... Rxg5 27. hxg5 Rxh1+ 28. Kc2 $11) ({Better is} 26... Be7 $1 $19 27. Nd4 Bxg5+ $1 28. Kb1 Rh6 29. Rxd7 Rxg6) 27. Rf4 Qg2 28. Rg1 Qh2 $36 {[%emt 0:00:01][%mdl 2048] Black is really pushing.} 29. b4 {[%emt 0:02:14] [#]} Rxe2 (29... Be7 $1 $17 30. Kd2 a5) 30. Nxe2 $15 Qxe2 {[%emt 0:00:01] Dancing on a razor blade.} 31. Rgf1 {[%emt 0:00:10] Black converts the advantage convincingly.} (31. Qf5+ $1 $15 Kd8 32. Qg4 Qxg4 33. Rgxg4) 31... Be7 $19 {[%emt 0:00:51] Strongly threatening ...Nc7.} 32. Kb1 Kd8 {[%emt 0:00:50][%cal Oh8h4] ...Rxh4! is the strong threat.} 33. Qc2 Qxc2+ 34. Kxc2 g6 35. Rh1 Bxg5 36. Rf7 Nc7 ({Inferior is} 36... Rxh4 37. Rxh4 Bxh4 38. Rxb7) 37. h5 $2 (37. Rg7) 37... gxh5 38. Rg1 Be7 {[%emt 0:00:21] Threatens to win with ...Ne6.} 39. Rgg7 Re8 40. Rh7 h4 41. Rh6 Kc8 42. Rhh7 Bd8 43. a4 a6 44. Rd7 (44. a5 $142) 44... Re4 45. Kb3 a5 46. b5 cxb5 47. axb5 Rb4+ 48. Ka2 Nxb5 {[%emt 0:00:48] ( -> ...a4)} 49. Rdf7 a4 50. Rf3 {[%emt 0:00:31] [#]} Bf6 $1 {[%emt 0:02:21] Weighted Error Value: White=0.66/Black=0.18 (very precise)} 0-1

[Event "2nd Serbia Open Masters 2022"]
[Site "Novi Sad"]
[Date "2022.06.29"]
[Round "2.39"]
[White "Gavrilov, Maxim"]
[Black "Urazayev, Arystanbek"]
[Result "0-1"]
[ECO "E43"]
[WhiteElo "2120"]
[BlackElo "2445"]
[Annotator "TA"]
[PlyCount "108"]
[EventDate "2022.06.28"]
[EventType "swiss"]
[EventCountry "SRB"]
[SourceTitle "playchess.com"]
[Source "ChessBase"]
[SourceQuality "1"]
[TimeControl "40/5400+30:900+30"]

1. d4 Nf6 2. c4 e6 3. Nc3 Bb4 4. Nf3 b6 5. e3 O-O 6. Bd3 Bb7 7. O-O c5 8. Bd2 cxd4 9. exd4 d5 10. cxd5 Nxd5 11. Re1 {[%emt 0:02:31] E43: Nimzo-Indian: Rubinstein: 4...b6.} Nd7 12. Rc1 Nxc3 13. bxc3 {[%emt 0:01:18] The position is equal.} Bd6 14. Qe2 Rc8 {[%emt 0:06:27] [#]} 15. a4 $146 ({Predecessor:} 15. h3 Re8 16. c4 e5 17. Bf5 g6 18. Bxd7 Bxf3 19. Qxf3 Qxd7 20. d5 f5 21. Qb3 e4 22. g3 Rc5 23. Kg2 Rf8 24. Bb4 Rc7 25. Bxd6 Qxd6 {½-½ (25) Semjonov,A (1983)-Ruus,R (1770) ICCF email 2018}) 15... Qc7 16. h3 Bf4 17. Red1 Rfd8 18. c4 Bxd2 19. Nxd2 Nf6 20. Ne4 Bxe4 21. Bxe4 Qf4 22. Bb7 Rb8 23. Qe5 (23. g3 $11 {keeps the balance.} Qh6 24. Bg2) 23... Qxe5 $17 {[%emt 0:02:44] Black continues to play with concentration.} 24. dxe5 Nd7 $36 {[%emt 0:00:20][%mdl 2048] Black is on the roll.} 25. Ba6 g5 ({Reject} 25... Nxe5 $6 26. Rxd8+ Rxd8 27. c5 bxc5 28. Rxc5 $11) 26. Bb5 Nxe5 27. a5 Nd3 28. Ra1 Nc5 {[%emt 0:00:31] Black is more active.} 29. axb6 axb6 30. Kf1 Kg7 31. Ke2 Kf6 32. Rxd8 Rxd8 {[%emt 0:00:02][%mdl 4096] Endgame KRB-KRN} 33. Ra7 h5 34. Rc7 h4 35. Rc6 (35. Bc6 {keeps fighting.}) 35... Rb8 $19 36. Rc7 Rb7 37. Rc8 Ke5 {[%emt 0:00:41] And now ...Ra7 would win.} 38. Rg8 f6 {[%emt 0:01:31] Hoping for ...Ra7.} 39. Ke3 $2 {[%emt 0:00:39] [#]} (39. Ra8) 39... Ra7 40. Rb8 Ra3+ 41. Ke2 Nd3 {[%emt 0:07:06] aiming for ...Nf4+.} 42. g3 Nc5 43. gxh4 gxh4 44. f3 $2 {[%emt 0:00:20] [#]} (44. Rxb6 Rxh3 45. Rb8) 44... Nb3 {[%emt 0:00:04] Black is clearly winning.} 45. Rxb6 Nd4+ 46. Kf2 Rxf3+ 47. Kg2 Rg3+ 48. Kf2 Rxh3 49. c5 Rc3 50. c6 Nxb5 51. Rxb5+ Kd6 52. Rh5 Rc4 53. Rh6 Rf4+ 54. Ke3 e5 {[%emt 0:00:04] Weighted Error Value: White=0.47/Black=0.08 (flawless)} 0-1

[Event "2nd Serbia Open Masters 2022"]
[Site "Novi Sad"]
[Date "2022.06.29"]
[Round "2.40"]
[White "Samant Aditya S"]
[Black "Mullick, Raahil"]
[Result "1-0"]
[ECO "B92"]
[WhiteElo "2433"]
[BlackElo "2237"]
[Annotator "TA"]
[PlyCount "69"]
[EventDate "2022.06.28"]
[EventType "swiss"]
[EventCountry "SRB"]
[SourceTitle "playchess.com"]
[Source "ChessBase"]
[SourceQuality "1"]
[TimeControl "40/5400+30:900+30"]

1. e4 c5 2. Nf3 d6 3. d4 cxd4 4. Nxd4 Nf6 5. Nc3 a6 6. Be2 e5 7. Nb3 Be7 8. Be3 O-O 9. g4 Be6 10. g5 Ne8 {[%emt 0:02:56] B92: Sicilian Najdorf: 6 Be2.} 11. h4 Nc7 {[%emt 0:05:55] [#]} 12. f4 $146 {[%emt 0:32:03] Strongly threatening f5.} ({Predecessor:} 12. Bf3 Nd7 13. Qd2 a5 14. a4 Bc4 15. Be2 Be6 16. h5 Nc5 17. Nxc5 dxc5 18. O-O-O Qxd2+ 19. Rxd2 {1-0 (49) Aravindh,C (2641)-Bodnaruk,A (2443) Chess.com INT 2021}) 12... exf4 (12... d5 $11 {keeps the balance.}) 13. Bxf4 $16 d5 14. Qd2 {[%emt 0:01:00] Threatens to win with 0-0-0.} dxe4 15. Qxd8 (15. Nxe4 $6 Qxd2+ 16. Bxd2 (16. Nbxd2 Nd5 $15) (16. Kxd2 Nd5 $15) 16... Nc6 $11) 15... Bxd8 16. O-O-O {[%emt 0:03:30][%cal Od1d8] And now Rxd8! would win.} (16. Nxe4 Nd5 17. Bd6 Re8 $11) 16... Nd7 ({Black should play} 16... Bxb3 17. axb3 (17. cxb3 Ne6 $14) 17... Ne6) 17. Nd4 {[%emt 0:10:35] 0x0.0022fc73a0a0dp-1022s more active pieces. The black rooks are badly placed.} ({Don't play} 17. Nxe4 $6 Nd5 18. Bc4 Nxf4 $11) ({White should try} 17. Bg3) 17... Nb6 18. Bxc7 {[%emt 0:01:40][%mdl 64] Remove Defender} (18. Nxe4 {with more complications.} Bd5 19. Bf3 Ne6 20. Bd6) 18... Bxc7 19. Nxe6 fxe6 20. Nxe4 Bf4+ 21. Kb1 Rac8 {[%emt 0:00:15] Inhibits Nc5.} 22. Nd6 $1 Rc7 23. Bg4 Re7 {[%emt 0:02:53] [#]} 24. Rhe1 $1 e5 25. Ne4 {[%emt 0:00:46] Prevents Bg3.} Nc4 26. Bh3 Rc7 (26... Ne3 $16) 27. Be6+ $18 Kh8 28. Rd3 {[%emt 0:03:05] Inhibits Ne3.} Ne3 {[%emt 0:07:00] Inhibits Red1.} 29. c3 Ng2 $2 (29... Re7) 30. Red1 {[%emt 0:00:17] White wants to mate with Rd8.} Re7 31. Rd8 Ree8 32. Rxe8 Rxe8 33. h5 {[%emt 0:01:28][%cal Od1d7,Bh4h5,Bh5h6][%mdl 32] Black must now prevent Rd7!} g6 $2 {[%emt 0:04:49] [#]} (33... h6 34. g6 Bg5) 34. Nf6 $1 {[%emt 0:02:41][%cal Od1d7] Threatening mate with Rd7!} Rxe6 (34... Bxg5 35. Nxe8) 35. h6 {[%emt 0:00:17] Weighted Error Value: White=0.04 (flawless) /Black=0.61} ({Inferior is} 35. Rd7 {[#]} Rxf6 $1 36. gxf6 Kg8 $11) 1-0